Cogmind - Beta 13 *** ADVENTURER MODE // 2024.04.08 @ 21:22:40 Player: XorOwl Result: Destroyed by S-27 Virus with Autogun Performance ------------- Evolutions (4) 2000 Regions Visited (13) 2600 Robots Destroyed (170) 850 Value Destroyed (5215) 5215 Prototype IDs (9) 180 Alien Tech Used (0) 0 Bonus (291) 291 TOTAL SCORE: 11136 Bonus ------- High Alert Combat Kills 291 Cogmind --------- Core Integrity 0/850 Matter 290/300 Energy 5/175 System Corruption 5% Temperature Cool (0) Movement Hovering (119) Ox1 Location -6/Factory Parts ------- > --- POWER (2) -------- Light Ion Engine Micro Nuclear Core > --- PROPULSION (4) --- Cooled Airjet Cooled Airjet Combat Airjet Combat Airjet > --- UTILITY (6) ------ Improved Cooling System Target Analyzer Core Analyzer Experimental Utility Shielding Improved Hardlight Generator Hacking Suite > --- WEAPON (3) ------- Heavy Plasma Cannon Heavy Plasma Cannon Heavy Plasma Cannon > --- INVENTORY (5) ---- Nuclear Pulse Thruster Power Amplifier Point Defense System System Shield Proton Cannon Peak State ------------ > --- POWER ------------ Micro Nuclear Core Fission Core > --- PROPULSION ------- Cooled Airjet Cooled Airjet Combat Airjet Combat Airjet > --- UTILITY ---------- Improved Cooling System Target Analyzer Core Analyzer Experimental Utility Shielding Improved Hardlight Generator Hacking Suite > --- WEAPON ----------- Heavy Plasma Cannon Heavy Plasma Cannon Improved Heavy Machine Gun > --- INVENTORY -------- Nuclear Pulse Thruster Power Amplifier Point Defense System Proton Cannon Heavy Plasma Cannon [Rating: 72] Favorites ----------- Power Light Ion Engine Engine Light Ion Engine Power Core Nuclear Core Propulsion Titanium Leg Treads Light Treads Leg Titanium Leg Wheel Wheel Hover Unit Combat Airjet Utility System Shield Device Improved Heat Sink Storage Huge Storage Unit Processor Core Analyzer Hackware System Shield Protection Hardened Medium Armor Plating Weapon Particle Gun Energy Gun Particle Gun Energy Cannon Heavy Plasma Cannon Ballistic Gun Light Assault Rifle Ballistic Cannon Gauss Cannon Launcher Heavy Missile Launcher Impact Weapon Flail Slashing Weapon Axe Build | -11 -10 -10 -9 -9 -9 -8 -8 -7 -7 -7 -6 -6 -6 ------- Run | Yrd Mat Min Mat Min Exi Min Mat Fac Was Fac Fac Was Fac Slots Evolved 8 | . . . 2 . . . 2 2 . . 2 . . Power 1 | . . . . . . . 1 . . . . . . Propulsion 2 | . . . 1 . . . . 1 . . . . . Utility 4 | . . . 1 . . . . 1 . . 2 . . Weapon 1 | . . . . . . . 1 . . . . . . Parts Attached 141 | 6 1 . 8 . . 2 25 2 . 44 32 1 20 Power 24 | 1 . . 1 . . . 6 . . 5 7 . 4 Engine 15 | 1 . . 1 . . . 4 . . 4 4 . 1 Core 9 | . . . . . . . 2 . . 1 3 . 3 Reactor . | . . . . . . . . . . . . . . Propulsion 40 | 2 . . 3 . . . 7 1 . 12 10 . 5 Treads 14 | . . . . . . . 4 1 . 7 1 . 1 Leg 20 | . . . 3 . . . 3 . . 5 9 . . Wheel 2 | 2 . . . . . . . . . . . . . Hover 4 | . . . . . . . . . . . . . 4 Flight . | . . . . . . . . . . . . . . Utility 42 | 1 1 . 4 . . . 5 1 . 16 9 1 4 Device 19 | . . . . . . . 1 1 . 10 4 . 3 Storage 7 | 1 1 . . . . . 1 . . 3 1 . . Processor 5 | . . . . . . . . . . 2 3 . . Hackware 6 | . . . 2 . . . 2 . . 1 . . 1 Protection 5 | . . . 2 . . . 1 . . . 1 1 . Artifact . | . . . . . . . . . . . . . . Weapon 35 | 2 . . . . . 2 7 . . 11 6 . 7 Energy Gun 9 | . . . . . . 1 4 . . 3 1 . . Energy Cannon 8 | . . . . . . . . . . . 2 . 6 Ballistic Gun 13 | 2 . . . . . 1 2 . . 5 2 . 1 Ballistic Cannon 1 | . . . . . . . . . . . 1 . . Launcher 2 | . . . . . . . . . . 2 . . . Special Weapon . | . . . . . . . . . . . . . . Impact Weapon 1 | . . . . . . . 1 . . . . . . Slashing Weapon 1 | . . . . . . . . . . 1 . . . Piercing Weapon . | . . . . . . . . . . . . . . Special Melee Weapon . | . . . . . . . . . . . . . . Unidentified Prototypes 4 | . . . . . . . 1 . . . . 1 2 Parts Lost 61 | . . . . . . 2 9 . 5 14 29 1 1 Power 13 | . . . . . . . 3 . . 2 7 . 1 Propulsion 17 | . . . . . . . 2 . 2 5 7 1 . Utility 10 | . . . . . . . 1 . 1 2 6 . . Weapon 21 | . . . . . . 2 3 . 2 5 9 . . Highest Loss Streak 9 | . . . . . . 1 3 . 5 5 9 1 1 To Critical Strikes . | . . . . . . . . . . . . . . Average Slot Usage (%) 85 | . 85 85 97 100 100 99 91 89 48 73 73 42 92 Engine 6 | . 14 14 11 11 11 11 9 7 2 5 1 . . Core 4 | . . . . . . . 5 7 3 1 6 . 11 Treads 6 | . . . . . . . 12 24 11 10 3 . 2 Leg 12 | . . . 30 33 33 33 11 . . 9 11 4 . Wheel 1 | . 28 28 1 . . . . . . . . . . Hover 2 | . . . . . . . . . . . . . 19 Device 3 | . . . . . . . 3 2 4 3 3 . 11 Storage 6 | . 14 14 11 11 11 11 9 7 4 6 . . . Processor 8 | . . . . . . . . . . 12 23 24 17 Hackware 8 | . . . 4 22 22 22 11 15 9 3 6 4 3 Protection 2 | . . . 15 . . . 2 . . . 1 6 6 Energy Gun 7 | . . . . . . 9 19 23 11 7 1 . . Energy Cannon 1 | . . . . . . . . . . . 1 . 13 Ballistic Gun 8 | . 28 28 22 22 22 11 6 . . 6 3 . 3 Naked Turns 40 | . . . . . . . . . 40 . . . . Heaviest Build 108 | 11 86 86 106 90 90 93 108 61 61 39 40 1 57 Greatest Support 90 | 20 20 20 51 51 51 51 60 80 80 90 90 3 40 Greatest Overweight (x) 30 | . 4 4 4 1 1 1 30 1 14 3 8 . 2 Average Overweight (x) . | . 3 4 1 1 1 1 1 . . . . . . Largest Inventory Capacity 25 | 8 25 25 25 25 25 25 25 20 20 8 5 5 5 Average Capacity 14 | 6 24 25 25 25 25 25 23 20 12 5 5 5 5 Most Carried 25 | 5 5 5 16 21 22 25 24 16 15 6 5 5 5 Average Carried 9 | 1 1 5 10 17 21 23 17 14 10 3 1 4 4 Final Capacity 25 | 8 25 25 25 25 25 25 20 20 5 5 5 5 5 Final Carried 24 | . 5 5 16 21 21 24 15 15 5 4 3 5 5 Class Distribution -------------------- 26% | Hacker-Mutant 19% | Hacker-Gunner 18% | Mutant 13% | Scavenger-Gunner 12% | Scavenger-Mutant 6% | Scavenger-Tank 3% | Gunner Dominant Class ---------------- Mutant | -10/Materials Mutant | -10/Mines Mutant | -9/Materials Hacker-Mutant | -9/Mines Hacker-Mutant | -9/Exiles Hacker-Mutant | -8/Mines Hacker-Gunner | -8/Materials Hacker-Gunner | -7/Factory Mutant | -7/Waste Scavenger-Gunner | -7/Factory Hacker-Mutant | -6/Factory Hacker-Mutant | -6/Waste Hacker-Gunner | -6/Factory Resources | -11 -10 -10 -9 -9 -9 -8 -8 -7 -7 -7 -6 -6 -6 ----------- Run | Yrd Mat Min Mat Min Exi Min Mat Fac Was Fac Fac Was Fac Matter Collected 3384 | 244 17 . 157 58 . 246 467 20 . 1040 710 . 425 Remotely . | . . . . . . . . . . . . . . Salvage Created 5276 | . 11 . 359 38 . 357 987 58 . 1691 909 . 866 Parts 322 | . 2 . 23 1 . 20 72 1 . 98 55 . 50 Haulers Intercepted 1 | . . . . . . . . . . 1 . . . Recyclers Shooed 7 | . . . . . . . . . . 4 2 . 1 Parts Field Recycled . | . . . . . . . . . . . . . . Retrieved Matter . | . . . . . . . . . . . . . . Parts Self-Destructed . | . . . . . . . . . . . . . . Prevented . | . . . . . . . . . . . . . . Kills | -11 -10 -10 -9 -9 -9 -8 -8 -7 -7 -7 -6 -6 -6 ------- Run | Yrd Mat Min Mat Min Exi Min Mat Fac Was Fac Fac Was Fac Combat Hostiles Destroyed 118 | . . . 8 2 . 14 24 1 . 32 20 . 17 Guns 78 | . . . 8 2 . 14 24 . . 18 7 . 5 Cannons 20 | . . . . . . . . . . . 9 . 11 AOE 18 | . . . . . . . . . . 14 3 . 1 Classes Destroyed 16 | . 1 . 5 . . 1 3 . . 5 1 . . Worker 16 | . 1 . . . . . 4 . . 7 2 . 2 Builder 10 | . . . . . . . 1 . . 5 2 . 2 Tunneler 2 | . . . . . . . . . . 1 1 . . Hauler 1 | . . . . . . . . . . 1 . . . Recycler 6 | . . . . . . . . . . 4 2 . . Mechanic 1 | . . . . . . . . . . 1 . . . Operator 5 | . . . 1 . . . 2 . . . 1 . 1 Watcher 14 | . . . 1 . . . 5 . . 5 2 . 1 Swarmer 40 | . . . 3 2 . 10 9 . . 2 7 . 7 Grunt 39 | . . . 1 . . 3 7 . . 16 7 . 5 Brawler 2 | . . . . . . . 1 . . 1 . . . Duelist 2 | . . . . . . . 1 . . 1 . . . Sentry 18 | . . . 4 . . . 6 1 . 6 . . 1 Hunter 5 | . . . . . . 1 . . . 3 . . 1 Programmer 9 | . . . . . . . . . . 3 3 . 3 Assembled 3 | . . . . . . . . . . . 3 . . Best Kill Streak 9 | . 1 . 4 2 . 4 9 1 . 9 5 . 5 Combat Bots Only 7 | . . . 4 2 . 4 7 1 . 5 5 . 4 Max Kills in Single Turn 4 | . 1 . 2 2 . 2 2 1 . 4 3 . 3 Gunslinging 1 | . . . 1 1 . 1 1 . . . 1 . . Exploded 3 | . . . . . . . . . . 3 3 . 1 Melee . | . . . . . . . . . . . . . . Uniques/NPCs Destroyed . | . . . . . . . . . . . . . . Combat | -11 -10 -10 -9 -9 -9 -8 -8 -7 -7 -7 -6 -6 -6 -------- Run | Yrd Mat Min Mat Min Exi Min Mat Fac Was Fac Fac Was Fac Hostile Shots Fired 1130 | . . 5 67 5 . 76 141 18 7 315 374 2 120 Missed 388 | . . . 20 2 . 15 44 12 1 123 123 1 47 Damage Taken 8479 | . 18 48 414 15 . 570 1017 36 214 1579 3761 28 779 Core 1657 | . 9 11 27 5 . 133 157 4 139 312 728 28 104 Absorbed by Shields 399 | . . . . . . . . . . . 213 . 186 Redirected to Shielding 72 | . . . . . . . . . . . . . 72 Ignored by Resistances 2603 | . 5 14 123 6 . 170 293 13 55 486 1158 7 273 Core Remaining (%) 71 | 100 . 92 . . . 58 71 . . 35 . . . Volleys Fired 338 | . 1 . 30 2 . 37 67 3 . 84 67 . 47 Largest 3 | . 2 . 2 2 . 2 3 3 . 3 3 . 3 Hottest 270 | . 40 . 40 40 . 88 191 191 . 167 183 . 270 Shots Fired 713 | . 2 . 60 4 . 60 160 9 . 186 112 . 120 Gun 551 | . 2 . 60 4 . 60 160 9 . 159 62 . 35 Cannon 129 | . . . . . . . . . . . 44 . 85 Launcher 33 | . . . . . . . . . . 27 6 . . Special . | . . . . . . . . . . . . . . Kinetic 358 | . 2 . 60 4 . 45 52 . . 67 93 . 35 Thermal 286 | . . . . . . 15 108 9 . 92 . . 62 Explosive 33 | . . . . . . . . . . 27 6 . . Electromagnetic 36 | . . . . . . . . . . . 13 . 23 Robot Hit Streak 45 | . 1 . 6 3 . 16 45 17 . 27 15 . 14 Robot Miss Streak 6 | . . . 2 1 . 1 2 3 . 3 6 . 5 Penetration Max 1 | . . . . . . . . . . 1 . . . Secondary Targets 23 | . . . 2 1 . 6 10 . . 3 1 . . Max Gunslinging Chain 2 | . . . 1 1 . 1 2 . . 1 1 . . Shots Hit Robots 545 | . 1 . 42 3 . 51 126 8 . 151 86 . 77 Core Hits 356 | . 1 . 19 3 . 22 75 3 1 134 64 . 34 Critical Kills 4 | . . . . . . 1 . . . . 2 . 1 Critical Parts Destroyed 1 | . . . . . . . . . . . . . 1 Critical Strikes 23 | . . . . . . 2 7 2 . . 9 . 3 Burn 10 | . . . . . . 1 7 2 . . . . . Destroy 5 | . . . . . . 1 . . . . 2 . 2 Blast 6 | . . . . . . . . . . . 6 . . Corrupt 2 | . . . . . . . . . . . 1 . 1 Melee Attacks . | . . . . . . . . . . . . . . Impact . | . . . . . . . . . . . . . . Slashing . | . . . . . . . . . . . . . . Piercing . | . . . . . . . . . . . . . . Sneak Attacks . | . . . . . . . . . . . . . . Combat Hostiles . | . . . . . . . . . . . . . . Follow-up Attacks . | . . . . . . . . . . . . . . Damage Inflicted 13102 | . 15 . 444 40 . 629 1969 137 18 4784 2378 . 2688 Guns 7050 | . 15 . 444 40 . 629 1969 137 . 2343 899 . 574 Cannons 3039 | . . . . . . . . . . . 1063 . 1976 Explosions 2990 | . . . . . . . . . . 2441 416 . 133 Melee . | . . . . . . . . . . . . . . Ramming 23 | . . . . . . . . . 18 . . . 5 Kinetic 4596 | . 15 . 444 40 . 431 532 . . 884 1676 . 574 Thermal 4822 | . . . . . . 198 1437 137 . 1459 57 . 1534 Explosive 2800 | . . . . . . . . . . 2441 359 . . Electromagnetic 861 | . . . . . . . . . . . 286 . 575 Impact . | . . . . . . . . . . . . . . Slashing . | . . . . . . . . . . . . . . Piercing . | . . . . . . . . . . . . . . Highest Corruption 5 | . . . . . . . 3 . 5 5 1 5 5 Average Corruption 3 | . . . . . . . 2 . 5 3 1 3 5 Corruption Purged 2 | . . . . . . . . . . 2 . . . Corruption Blocked . | . . . . . . . . . . . . . . Effects 67 | . . . . . . . 13 . 2 29 2 2 19 Message Errors 15 | . . . . . . . 4 . . 8 1 . 2 Matter Fused 19 | . . . . . . . 5 . 1 7 . 1 5 Heat Flow Errors 7 | . . . . . . . 1 . . 3 . . 3 Energy Discharges 6 | . . . . . . . 1 . . 2 . 1 2 Parts Rejected 2 | . . . . . . . . . . 1 1 . . Parts Fused 1 | . . . . . . . 1 . . . . . . Data Loss (minor) 8 | . . . . . . . 1 . 1 4 . . 2 Data Loss (major) 2 | . . . . . . . . . . 2 . . . Misfires 2 | . . . . . . . . . . 2 . . . Alerts 4 | . . . . . . . . . . . . . 4 Weapon Failures 1 | . . . . . . . . . . . . . 1 Overload Shots . | . . . . . . . . . . . . . . Overflow Damage 165 | . . . . . . . . . . 51 44 . 70 Projectiles 77 | . . . . . . . . . . . 7 . 70 Explosions 88 | . . . . . . . . . . 51 37 . . Melee . | . . . . . . . . . . . . . . Knockbacks 4 | . . . . . . . . . . . 4 . . Impact . | . . . . . . . . . . . . . . Kinetic 3 | . . . . . . . . . . . 3 . . Secondary 1 | . . . . . . . . . . . 1 . . Self-Inflicted Damage 51 | . . . . . . . . . 9 . . . 42 Shots 1 | . . . . . . . . . . . . . 1 Rammed 4 | . . . . . . . . . 1 1 1 . 1 Targets Rammed 4 | . . . . . . . . . 1 1 1 . 1 Kicked . | . . . . . . . . . . . . . . Crushed . | . . . . . . . . . . . . . . Highest Temperature 581 | . . . 80 . . 204 581 182 . 524 202 . 367 Average Temperature 117 | . . . 29 . . 73 174 107 . 111 71 . 110 Received Heat Transfer 2561 | . . 36 165 . . 162 522 18 . 507 974 . 177 Effects 34 | . . . . . . . 23 . . 9 . . 2 Shutdowns 10 | . . . . . . . 8 . . 2 . . . Energy Bleed 5 | . . . . . . . 4 . . . . . 1 Interference 5 | . . . . . . . 2 . . 3 . . . Matter Decay 2 | . . . . . . . 1 . . 1 . . . Short Circuit 3 | . . . . . . . 3 . . . . . . Damage (minor) 6 | . . . . . . . 5 . . . . . 1 Damage (major) 3 | . . . . . . . . . . 3 . . . Siege Activations . | . . . . . . . . . . . . . . Robots Corrupted 1 | . . . . . . . . . . . 1 . . Combat Hostiles 1 | . . . . . . . . . . . 1 . . Parts Fried 5 | . . . . . . . 3 . . . 2 . . Impact Corruptions . | . . . . . . . . . . . . . . Robots Melted 1 | . . . . . . . . 1 . . . . . Combat Hostiles 1 | . . . . . . . . 1 . . . . . Parts Melted 25 | . . . . . . . 11 1 . 6 . . 7 Heat Transferred 10150 | . . . . . . 555 3504 393 . 3348 50 . 2300 Parts Sabotaged 4 | . . . . . . . . . . . 4 . . Parts Stolen . | . . . . . . . . . . . . . . Parts Stripped . | . . . . . . . . . . . . . . Power Chain Reactions 1 | . . . . . . . . . . . . . 1 Alert | -11 -10 -10 -9 -9 -9 -8 -8 -7 -7 -7 -6 -6 -6 ------- Run | Yrd Mat Min Mat Min Exi Min Mat Fac Was Fac Fac Was Fac Peak Influence 640 | . 24 7 279 92 . 170 381 101 44 640 585 114 434 Initial 253 | . . 7 1 42 . . 42 56 29 . 253 99 63 Average 201 | . 7 7 153 91 . 113 153 71 16 286 405 101 169 Maximum Alert Level 2 | . . . 1 . . . 1 . . 2 2 . 2 Low Security (%) 58 | 100 100 100 62 100 . 100 62 100 100 39 . 100 76 Level 1 23 | . . . 37 . . . 37 . . 21 40 . 22 Level 2 17 | . . . . . . . . . . 38 59 . 1 Level 3 . | . . . . . . . . . . . . . . Level 4 . | . . . . . . . . . . . . . . Level 5 . | . . . . . . . . . . . . . . High Security . | . . . . . . . . . . . . . . Max Security . | . . . . . . . . . . . . . . Squads Dispatched 25 | . . . 2 . . . 1 1 . 12 3 . 6 Investigation 5 | . . . . . . . 1 . . 1 1 . 2 Extermination 5 | . . . . . . . . 1 . 2 1 . 1 Reinforcement 8 | . . . 2 . . . . . . 3 . . 3 Assault 1 | . . . . . . . . . . . 1 . . Garrison 6 | . . . . . . . . . . 6 . . . Intercept . | . . . . . . . . . . . . . . Searches Triggered . | . . . . . . . . . . . . . . Construction Impeded 3 | . . . . . . . . . . 2 . . 1 Haulers Reinforced 1 | . . . . . . . . . . . . . 1 Active Scanning Responses . | . . . . . . . . . . . . . . Cargo Convoy Interrupts . | . . . . . . . . . . . . . . Stealth | -11 -10 -10 -9 -9 -9 -8 -8 -7 -7 -7 -6 -6 -6 --------- Run | Yrd Mat Min Mat Min Exi Min Mat Fac Was Fac Fac Was Fac Distress Signals 5 | . . . . . . . 2 . . 2 1 . . Communications Jammed . | . . . . . . . . . . . . . . Distress Signals . | . . . . . . . . . . . . . . Times Spotted 187 | . 1 2 20 3 . 17 36 2 5 41 33 4 23 Peak Tracking Total 7 | . 1 2 5 3 . 4 5 2 5 6 7 4 4 Tactical Retreats 3 | . . . 1 . . . . . . 1 1 . . Traps | -11 -10 -10 -9 -9 -9 -8 -8 -7 -7 -7 -6 -6 -6 ------- Run | Yrd Mat Min Mat Min Exi Min Mat Fac Was Fac Fac Was Fac Traps Triggered 12 | . 1 . . . . . 2 1 . 2 4 . 2 Indirectly . | . . . . . . . . . . . . . . Trap Hack Attempts . | . . . . . . . . . . . . . . Triggered . | . . . . . . . . . . . . . . Disarmed . | . . . . . . . . . . . . . . Reprogrammed . | . . . . . . . . . . . . . . Reused 1 | . . . . . . . 1 . . . . . . Traps Extracted . | . . . . . . . . . . . . . . Installed 1 | . . . . . . . 1 . . . . . . Triggered 1 | . . . . . . . 1 . . . . . . Most Traps Carried 5 | . . . . 5 5 5 5 . . . . . . Machines | -11 -10 -10 -9 -9 -9 -8 -8 -7 -7 -7 -6 -6 -6 ---------- Run | Yrd Mat Min Mat Min Exi Min Mat Fac Was Fac Fac Was Fac Machines Disabled 10 | . . . . . . . . . . 1 4 . 5 Max in Single Turn 2 | . . . . . . . . . . 1 2 . 2 Garrison Access 2 | . . . . . . . . . . 1 1 . . Machines Repaired . | . . . . . . . . . . . . . . Machines Dismantled . | . . . . . . . . . . . . . . Machines Sabotaged . | . . . . . . . . . . . . . . Overloaded Fab Kills . | . . . . . . . . . . . . . . Hacking | -11 -10 -10 -9 -9 -9 -8 -8 -7 -7 -7 -6 -6 -6 --------- Run | Yrd Mat Min Mat Min Exi Min Mat Fac Was Fac Fac Was Fac Machines Accessed 18 | . 1 . 1 . . . 6 2 . 3 2 . 3 Terminals 13 | . 1 . 1 . . . 5 1 . 2 2 . 1 Fabricators 1 | . . . . . . . . . . . . . 1 Repair Stations . | . . . . . . . . . . . . . . Recycling Units 3 | . . . . . . . 1 1 . . . . 1 Scanalyzers . | . . . . . . . . . . . . . . Garrison Access 1 | . . . . . . . . . . 1 . . . Total Hacks 51 | . 4 . 2 . . . 23 3 . 6 6 . 7 Successful 31 | . 2 . 1 . . . 16 1 . 2 5 . 4 Failed 20 | . 2 . 1 . . . 7 2 . 4 1 . 3 Catastrophic 2 | . . . . . . . . 1 . . . . 1 Database Lockouts . | . . . . . . . . . . . . . . Manual . | . . . . . . . . . . . . . . Terminals 43 | . 4 . 2 . . . 22 1 . 3 6 . 5 Fabricators 1 | . . . . . . . . . . . . . 1 Repair Stations . | . . . . . . . . . . . . . . Recycling Units 4 | . . . . . . . 1 2 . . . . 1 Scanalyzers . | . . . . . . . . . . . . . . Garrison Access 3 | . . . . . . . . . . 3 . . . Terminal Hacks 26 | . 2 . 1 . . . 15 . . 1 5 . 2 Record 3 | . . . . . . . . . . . 2 . 1 Robot Analysis 1 | . . . . . . . 1 . . . . . . Prototype ID Bank 3 | . 1 . . . . . 1 . . . 1 . . Open DSF 1 | . . . . . . . . . . 1 . . . Terminal Index 1 | . . . . . . . 1 . . . . . . Alert Level 2 | . . . . . . . 2 . . . . . . Dispatch Records 3 | . . . . . . . 2 . . . 1 . . Security Status 1 | . . . . . . . 1 . . . . . . Surveillance Status 1 | . . . . . . . 1 . . . . . . Transport Status 1 | . . . . . . . 1 . . . . . . Reinforcement Status 1 | . . . . . . . 1 . . . . . . Registered Components 2 | . . . 1 . . . 1 . . . . . . Registered Prototypes 1 | . . . . . . . . . . . . . 1 Zone Layout 5 | . 1 . . . . . 3 . . . 1 . . Fabricator Hacks 1 | . . . . . . . . . . . . . 1 Build 1 | . . . . . . . . . . . . . 1 Repair Station Hacks . | . . . . . . . . . . . . . . Recycling Unit Hacks 3 | . . . . . . . 1 1 . . . . 1 Report Inventory 3 | . . . . . . . 1 1 . . . . 1 Scanalyzer . | . . . . . . . . . . . . . . Garrison Access Hacks 1 | . . . . . . . . . . 1 . . . Seal Access 1 | . . . . . . . . . . 1 . . . Unauthorized Hacks . | . . . . . . . . . . . . . . Terminals . | . . . . . . . . . . . . . . Fabricators . | . . . . . . . . . . . . . . Repair Stations . | . . . . . . . . . . . . . . Recycling Units . | . . . . . . . . . . . . . . Scanalyzers . | . . . . . . . . . . . . . . Garrison Access . | . . . . . . . . . . . . . . Data Cores Recovered 3 | . . . . . . . 2 . . . 1 . . Used . | . . . . . . . . . . . . . . Hacking Detections 12 | . 1 . . . . . 4 1 . 3 1 . 2 Full Trace Events 2 | . . . . . . . 1 . . . 1 . . Feedback Events . | . . . . . . . . . . . . . . Feedback Blocked . | . . . . . . . . . . . . . . Robot Schematics Acquired . | . . . . . . . . . . . . . . Robots Built . | . . . . . . . . . . . . . . Authchips . | . . . . . . . . . . . . . . Time . | . . . . . . . . . . . . . . Total Robot Build Rating . | . . . . . . . . . . . . . . Part Schematics Acquired . | . . . . . . . . . . . . . . Parts Built 2 | . . . . . . . . . . . . . 2 Authchips . | . . . . . . . . . . . . . . Time 53 | . . . . . . . . . . . . . 53 Total Part Build Rating 12 | . . . . . . . . . . . . . 12 Parts Repaired . | . . . . . . . . . . . . . . Time . | . . . . . . . . . . . . . . Parts Recycled . | . . . . . . . . . . . . . . Recycled Matter . | . . . . . . . . . . . . . . Retrieved Matter . | . . . . . . . . . . . . . . Retrieved Components . | . . . . . . . . . . . . . . Parts Scanalyzed . | . . . . . . . . . . . . . . Part Schematics Acquired . | . . . . . . . . . . . . . . Parts Damaged . | . . . . . . . . . . . . . . Bothacking | -11 -10 -10 -9 -9 -9 -8 -8 -7 -7 -7 -6 -6 -6 ------------ Run | Yrd Mat Min Mat Min Exi Min Mat Fac Was Fac Fac Was Fac Used RIF Installer . | . . . . . . . . . . . . . . Robots Hacked . | . . . . . . . . . . . . . . Non-combat . | . . . . . . . . . . . . . . Combat . | . . . . . . . . . . . . . . Robot Hacks Applied . | . . . . . . . . . . . . . . Relay Couplers Released 2 | . . . . . . . . . . . 2 . . Machine Destruction 2 | . . . . . . . . . . . 2 . . Fabnet Peak Effective % . | . . . . . . . . . . . . . . Robots Rewired . | . . . . . . . . . . . . . . Allies Hacked . | . . . . . . . . . . . . . . Hacks Repelled . | . . . . . . . . . . . . . . Allies | -11 -10 -10 -9 -9 -9 -8 -8 -7 -7 -7 -6 -6 -6 -------- Run | Yrd Mat Min Mat Min Exi Min Mat Fac Was Fac Fac Was Fac Total Allies . | . . . . . . . . . . . . . . Largest Group . | . . . . . . . . . . . . . . Highest-Rated Group . | . . . . . . . . . . . . . . Highest-Rated Ally . | . . . . . . . . . . . . . . Total Orders . | . . . . . . . . . . . . . . Ally Attacks . | . . . . . . . . . . . . . . Total Damage . | . . . . . . . . . . . . . . Kills . | . . . . . . . . . . . . . . Allies Corrupted . | . . . . . . . . . . . . . . Allies Melted . | . . . . . . . . . . . . . . Intel | -11 -10 -10 -9 -9 -9 -8 -8 -7 -7 -7 -6 -6 -6 ------- Run | Yrd Mat Min Mat Min Exi Min Mat Fac Was Fac Fac Was Fac Robot Analysis Total 1 | . . . . . . . 1 . . . . . . Derelict Logs Recovered 1 | . . 1 . . . . . . . . . . . Drone Launches . | . . . . . . . . . . . . . . Drone Recoveries . | . . . . . . . . . . . . . . Exploration | -11 -10 -10 -9 -9 -9 -8 -8 -7 -7 -7 -6 -6 -6 ------------- Run | Yrd Mat Min Mat Min Exi Min Mat Fac Was Fac Fac Was Fac Turns Passed 7543 | 33 257 215 509 178 102 793 1522 258 98 1546 1172 54 806 Spaces Moved 3780 | 33 179 154 181 84 51 346 531 128 111 788 685 101 408 Core 289 | 17 . . . . . . 3 . 87 8 62 101 11 Treads 986 | . . . . . . . 283 128 24 400 120 . 31 Legs 1771 | . . . 162 84 51 346 245 . . 380 503 . . Wheels 368 | 16 179 154 19 . . . . . . . . . . Hover 366 | . . . . . . . . . . . . . 366 Flight . | . . . . . . . . . . . . . . Fastest Speed 50 | 50 80 140 140 200 200 200 160 160 50 120 50 50 50 Average Speed 161 | 64 137 140 214 200 200 200 238 166 85 147 134 50 141 Slowest Speed 1550 | 80 140 140 270 200 200 200 1550 240 750 225 450 50 237 Overloaded Moves . | . . . . . . . . . . . . . . Propulsion Burnouts . | . . . . . . . . . . . . . . Robots Hopped . | . . . . . . . . . . . . . . Cave-ins Triggered . | . . . . . . . . . . . . . . Exploration Rate (%) 32 | 3 33 29 24 20 9 67 47 4 92 18 24 75 14 Regions Visited 13 Branch Regions 4 Pre-discovered Areas 1 | . . 1 . . . . . . . . . . . Known Exits Taken . | . . . . . . . . . . . . . . Unknown Exits Taken 9 | 1 1 1 1 1 1 1 1 . . 1 . . . Scrap Searched 1 | . . . . . . 1 . . . . . . . Spaces Dug . | . . . . . . . . . . . . . . Terrain Destroyed 324 | . . . . . . . . . . 261 49 . 14 Melee . | . . . . . . . . . . . . . . Projectile 18 | . . . . . . . . . . 3 6 . 9 AOE 306 | . . . . . . . . . . 258 43 . 5 Terrain Rammed . | . . . . . . . . . . . . . . Walls Destroyed . | . . . . . . . . . . . . . . Machines Disabled . | . . . . . . . . . . . . . . Actions | -11 -10 -10 -9 -9 -9 -8 -8 -7 -7 -7 -6 -6 -6 --------- Run | Yrd Mat Min Mat Min Exi Min Mat Fac Was Fac Fac Was Fac Total 4587 | 43 189 153 247 91 52 391 672 168 113 994 824 103 547 Wait 142 | . 2 . 7 1 . 2 4 31 2 35 4 . 54 Move 3769 | 32 178 153 180 83 50 345 530 128 110 787 685 100 408 Hop . | . . . . . . . . . . . . . . Pick Up 141 | 5 6 . 18 5 1 5 24 3 . 31 31 1 11 Fast Attach 19 | 1 . . . . . . . . . 11 1 . 6 Attach 90 | 5 1 . 3 . . 2 14 2 . 25 28 . 10 Detach 1 | . . . . . . . . . . . . 1 . Swap 32 | . . . 5 . . . 11 . . 8 3 1 4 Drop 50 | . 1 . 4 . 1 . 21 1 . 12 4 . 6 Fire 338 | . 1 . 30 2 . 37 67 3 . 84 67 . 47 Melee . | . . . . . . . . . . . . . . Ram 2 | . . . . . . . . . 1 . . . 1 Kick . | . . . . . . . . . . . . . . Crush 2 | . . . . . . . . . . 1 1 . . Escape Stasis . | . . . . . . . . . . . . . . Rewire . | . . . . . . . . . . . . . . Trap 1 | . . . . . . . 1 . . . . . . Miscellaneous . | . . . . . . . . . . . . . . Route ------- -11/Scrapyard -10/Materials -10/Mines -9/Materials (discovered 3 exits: [*Min] / [*Sto x2]) -9/Mines -9/Exiles -8/Mines -8/Materials (discovered 2 exits: *Fac x2) -7/Factory -7/Waste -7/Factory (discovered 3 exits: *Fac x2 / [*Low]) -6/Factory -6/Waste -6/Factory History --------- Turn | Location | Event 6 | -11/Scrapyard | Discovered new exit (range 16) 34 | -11/Scrapyard | Entered Materials 177 | -10/Materials | Discovered new exit (range 17) 291 | -10/Materials | Entered Mines 305 | -10/Mines | Learned location of Zion (-7) 311 | -10/Mines | Build established: Mutant 412 | -10/Mines | Discovered new exit (range 12) 506 | -10/Mines | Entered Materials 506 | -9/Materials | Evolved 2 slots: Propulsion x1, Utility x1 604 | -9/Materials | Discovered new exit (range 14) 755 | -9/Materials | Discovered new exit (range 15) 971 | -9/Materials | Discovered new exit (range 13) 1015 | -9/Materials | Entered Mines 1142 | -9/Mines | Found a hidden stash of uninstalled traps 1185 | -9/Mines | Deemed a non-threat by the Exiles lab entrance 1185 | -9/Mines | Discovered new exit (range 5) 1193 | -9/Mines | Entered Exiles 1222 | -9/Exiles | Build established: Hacker-Mutant 1233 | -9/Exiles | Discovered new exit (range 15) 1295 | -9/Exiles | Entered Mines 1630 | -8/Mines | Discovered new exit (range 6) 2088 | -8/Mines | Entered Materials 2088 | -8/Materials | Evolved 2 slots: Power x1, Weapon x1 2463 | -8/Materials | Build established: Hacker-Gunner 2587 | -8/Materials | Destroyed 7 combat bots 2830 | -8/Materials | Discovered new exit (range 16) 2907 | -8/Materials | Lost 3 parts (2p1w) 3214 | -8/Materials | Build established: Scavenger-Tank 3537 | -8/Materials | Discovered new exit (range 16) 3610 | -8/Materials | Entered Factory 3610 | -7/Factory | Evolved 2 slots: Propulsion x1, Utility x1 3718 | -7/Factory | Build established: Hacker-Gunner 3868 | -7/Factory | Sucked down chute 3868 | -7/Factory | Entered Waste 3883 | -7/Waste | EMP discharged 3883 | -7/Waste | Spotted C-40 Crusher 3896 | -7/Waste | Crushed by Compactor (1 part destroyed, 1 dropped) 3907 | -7/Waste | Crushed by Compactor (1 part destroyed, 2 dropped) 3910 | -7/Waste | Spotted C-40 Crusher 3913 | -7/Waste | Crushed by Compactor (1 part destroyed, 2 dropped) 3913 | -7/Waste | Spotted C-40 Crusher 3920 | -7/Waste | Spotted C-40 Crusher 3920 | -7/Waste | Crushed by Compactor (1 part destroyed, 1 dropped) 3926 | -7/Waste | Crushed by Compactor (1 part destroyed, 2 dropped) 3931 | -7/Waste | Spotted C-40 Crusher 3937 | -7/Waste | Spotted C-40 Crusher 3955 | -7/Waste | Discovered new exit (range 14) 3957 | -7/Waste | Lost 5 parts (2n1u2w) 3966 | -7/Waste | Entered Factory 4077 | -7/Factory | Discovered new exit (range 16) 4231 | -7/Factory | Build established: Mutant 4275 | -7/Factory | Discovered new exit (range 15) 4494 | -7/Factory | Garrison activated, responded to threat 4593 | -7/Factory | Lost 4 parts (2n1u1w) 4653 | -7/Factory | Lost 5 parts (1p1n1u2w) 4845 | -7/Factory | Garrison activated, responded to threat 4973 | -7/Factory | Core integrity fell below 50% 5489 | -7/Factory | Discovered new exit (range 15) 5512 | -7/Factory | Entered another Factory area 5512 | -6/Factory | Evolved 2 slots: Utility x2 5697 | -6/Factory | Lost 8 parts (2p2n2u2w) 5812 | -6/Factory | Lost 7 parts (2p1n1u3w) 5932 | -6/Factory | Core integrity fell below 50% 5964 | -6/Factory | Spotted B-75 Beast 6184 | -6/Factory | Build established: Scavenger-Mutant 6565 | -6/Factory | Lost 9 parts (1p3n2u3w) 6595 | -6/Factory | Core integrity fell below 20% 6684 | -6/Factory | Sucked down chute 6684 | -6/Factory | Entered Waste 6699 | -6/Waste | EMP discharged 6720 | -6/Waste | Spotted C-40 Crusher 6721 | -6/Waste | Spotted C-40 Crusher 6723 | -6/Waste | Spotted C-40 Crusher 6724 | -6/Waste | Spotted C-40 Crusher 6725 | -6/Waste | Spotted C-40 Crusher 6728 | -6/Waste | Crushed by Compactor (1 part destroyed, 2 dropped) 6730 | -6/Waste | Discovered new exit (range 15) 6731 | -6/Waste | Spotted C-40 Crusher 6737 | -6/Waste | Identified exit to Factory 6738 | -6/Waste | Entered Factory 7145 | -6/Factory | Fabricated Point Defense System (x2) 7388 | -6/Factory | Build established: Hacker-Gunner 7544 | -6/Factory | Destroyed by S-27 Virus with Autogun Last Messages --------------- K-01 Serf collects debris. K-01 Serf destroyed. K-01 Serf cleans the Matter Pump. VTOL Module melted. S-27 Virus destroyed. Fission Core destroyed. K-01 Serf collects debris. Matter Pump disabled. Destroyed VTOL Module. VTOL Module melted. S-27 Virus destroyed. K-01 Serf collects debris. R-10 Processor collects Broken Imp. Heavy Machine Gun. System corrupted: Heat flow error (+233). K-01 Serf collects debris. Acquired 8 matter. Acquired Lgt. Ion Engine. R-10 Processor collects Med. Matter Pod. [Achievement: 10k Club] Map ----- +----------------------------------------------------+ | ????????????????????????????????????????????????? | | ????????????????????????????????????????????????? | | ????????????????????????????????????????????????? | | ????????????????????????????????????????????????? | | ????????????????????????????????????????????????? | | ????????????????????????????????????????????????? | | ????????????????????????????????????????????????? | | ????????????????????????????????????????????????? | | ????????????????????????????????????????????????? | | ????????????????????????????????????????????????? | | ????????????????????????????????????????????????? | | ????????????????????????????????????????????????? | | ????????????????????????????????????????????????? | | ????????????????????????????????????????????????? | | ????????????????????????????????????????????????? | | ???????????????????????????????????????" ???????? | | ?????????????????????????????????????? ??????? | | ??????????????????????????????????????"" ???????? | | ????????????????????????????????????? ????????? | | ???????????????????????????????????? ?????????? | | ???????????????????????????????#####+############ | | ???????????????????????????????# | | ???????????????????????????????# | | ????????????????????????###????# | | ???????????????###+######;######uk | | ??????????# s %@% u | | ??????????+ s[=% ! | | ??????????# == R | | ??????????# ##### """ %"" """ """ %"" | | ????????????????# """ """ """ """ """ | | ????????????????# """ """ """ """ """ ######## | | ????????????????# #??????# | | ?????????????????? """ """ """ """ """ #??????# | | ????????????????? """ """ """ """ """ #??????# | | ???????????????????""" """ """ """ """ #??""??# | | ????????????????????? ? # ""??# | | ?????????????????????????" "?" """ """ # """?# | | ?????????????????????????" "?" "?" """ # ""?# | | ?????????????????????????? ??" "?" "?" # "" # | | ?????????????????????????? ??? ??? ?? # # | | ?????????????????????????? ??? ??? ??? # """ + | | ?????????????????????????????? ??? ?????# """ # | | ?????????????????????????????? ??? ?????# """ # | | ????????????????????????????????????????# ""?# | | ????????????????????????????????????????# ""?# | | ????????????????????????????????????????# / ??# | | ????????????????????????????????????????######## | | ????????????????????????????????????????# # | | ????????????????????????????????????????# ! # | | ????????????????????????????????????????# # | +----------------------------------------------------+ Best States ------------- Heat Dissipation 64 Coolant Potential 65 Energy Generation 31 Energy Capacity 600 Matter Stores 300 Matter Capacity 300 Sight Range 16 Robot Scan Range 15 Terrain Scan Range 16 Terrain Scan Density 10 Armor Coverage 450 Resistance: KI 20 Resistance: TH 20 Resistance: EX 45 Resistance: EM 20 Resistance: I 20 Resistance: S 20 Resistance: P 20 Utility Shielding 90 Evasion (%) 55 Targeting Accuracy 5 Target Analysis 5 Core Analysis 6 Recoil Reduction 4 Offensive Hacking 20 Defensive Hacking 20 Item Schematics ----------------- None Robot Schematics ------------------ None Fabricated ------------ Point Defense System | x2 | -6/Factory | Preloaded Alien Tech Used ----------------- None Achievements -------------- 10k Club Below Just What I Needed Maybe Next Time I'll Detach My Launcher Power Corrupts Challenges ------------ None Game ------ Seed FortressRiotSystem Manual? 0 Play Time 01:51:13 Cumulative 11.2 hours Start 2024.04.08 @ 19:26:02 End 2024.04.08 @ 21:22:40 Sessions 1 Manual Loads 0 Difficulty Adventurer Special Mode None Game No. 7 Rogue 0 Adventurer 7 Explorer 0 Win Type - Total 0 Types 0/0/0/0/0/0/0/0/0 Lore% 5 Gallery% 16 Achievement% 14 Wizard Run 0 Options --------- Layout 1 ASCII 0 Keyboard 0 Movement Mouse Keybinds 0 Fullscreen 0 Font 20/SmallcapsGlow Map View 50x35 Zoom Use 0% Tactical HUD 0 Map Filters NONE Filters NONE Steam 1 RUN: 2a29bccf-825c-4990-b64e-a67f4b320b31